[Event "Team 45 45 League T29"]
[Site "Internet Chess Club"]
[Date "2006.01.30"]
[Round "6"]
[White "Nelsi"]
[Black "fledermaus"]
[Result "1-0"]
[WhiteElo "2183"]
[BlackElo "2017"]
[TimeControl "2700+45"]

1. e4 Nf6 2. e5 Nd5 3. d4 d6 4. exd6 exd6 5. Nf3 g6 6. c4 Nf6 7. h3 Bf5 8. Nc3
Bg7 9. g4 Bc8 10. Qe2+ Qe7 11. Qxe7+ Kxe7 12. Bg5 Re8 13. O-O-O Kf8 14. Bg2 Na6
15. a3 h5 16. gxh5 Nxh5 17. b4 c6 18. b5 Nc7 19. Nh4 Bd7 20. Ne4 Re6 21. bxc6
bxc6 22. d5 cxd5 23. cxd5 Nxd5 24. Rxd5 Rc8+ 25. Kd2 Bc6 26. Nxd6 Rb8 27. Nc4 f6
28. Be3 Bxd5 29. Bxd5 Rd8 30. Bc5+ Ke8 31. Ne3 Rxe3 32. Bxe3 Rxd5+ 33. Kc2 g5
34. Nf3 Bf8 35. a4 Bc5 36. Kc3 Bxe3 37. fxe3 Ng3 38. Rb1 Ne4+ 39. Kc4 Rd7 40.
Rb8+ Kf7 41. a5 a6 42. Rb6 Nf2 43. Rxa6 Nxh3 44. Ra8 g4 45. Nh4 Ng5 46. a6 Ne6
47. a7 Rb7 48. Rf8+ Nxf8 49. a8=Q Rd7 50. Qe4 Re7 51. Qf4 Re5 52. Kd3 Rg5 53.
Ke2 Ne6 54. Qe4 Ng7 55. Qb7+ Ke6 56. Ng2 f5 57. Nf4+ Ke5 58. Qe7+ Ne6 59. Qxe6#
{Black checkmated} 1-0  aics%

[Event "Team 45 45 League T29"]
[Site "Internet Chess Club"]
[Date "2006.01.30"]
[Round "6"]
[White "Chief-Justice"]
[Black "elnik"]
[Result "1-0"]
[WhiteElo "1847"]
[BlackElo "1948"]
[TimeControl "2700+45"]

1. d4 Nf6 2. Nf3 g6 3. c4 Bg7 4. Nc3 d6 5. e4 O-O 6. Be2 e5 7. O-O Nc6 8. d5 Ne7
9. Bd2 Nh5 10. Ne1 Nf4 11. Nd3 Nxe2+ 12. Qxe2 f5 13. f3 c6 14. b4 cxd5 15. cxd5
b6 16. b5 a5 17. Rfc1 Bd7 18. a4 Rc8 19. Nd1 Rc7 20. Ne3 Qb8 21. Nc4 fxe4 22.
fxe4 Nxd5 23. exd5 e4 24. Ndb2 Rfc8 25. Be3 Rxc4 26. Nxc4 Bxa1 27. Rxa1 {Black
resigns} 1-0  aics%

[Event "Team 45 45 League T29"]
[Site "Internet Chess Club"]
[Date "2006.01.31"]
[Round "6"]
[White "azbycx"]
[Black "Thorin"]
[Result "0-1"]
[WhiteElo "1820"]
[BlackElo "1882"]
[TimeControl "2700+45"]

1. d4 Nf6 2. c4 g6 3. Nc3 d5 4. cxd5 Nxd5 5. e4 Nxc3 6. bxc3 Bg7 7. Be3 O-O 8.
Qd2 c5 9. Nf3 Nc6 10. Be2 Qa5 11. Rd1 Rd8 12. O-O cxd4 13. cxd4 Qxd2 14. Rxd2
Bg4 15. d5 Bxf3 16. Bxf3 Ne5 17. Be2 a6 18. Rc2 Rac8 19. Rfc1 Rxc2 20. Rxc2 h5
21. Rc7 Rd7 22. Rc8+ Kh7 23. Bb6 Bh6 24. g3 e6 25. f4 Ng4 26. dxe6 fxe6 27. Rc7
Rxc7 28. Bxc7 b5 29. e5 Ne3 30. a4 bxa4 31. Bxa6 a3 32. Bb6 a2 33. Bd4 Nc2 34.
Bc3 Bf8 35. Bb5 Bc5+ 36. Kf1 Bd4 37. Ba1 Bxa1 38. Bc4 Nb4 39. Bxe6 Bd4 40. Bxa2
Nxa2 41. Ke2 Kg7 42. Kf3 Nc3 43. h4 Kf7 44. g4 Ke6 45. gxh5 gxh5 46. Kg3 Kf5 47.
Kf3 Bc5 48. Kg3 Nd5 {White resigns} 0-1  aics%

[Event "Team 45 45 League T29"]
[Site "Internet Chess Club"]
[Date "2006.01.29"]
[Round "6"]
[White "Gregorio"]
[Black "Sir-Knightly"]
[Result "1/2-1/2"]
[WhiteElo "2118"]
[BlackElo "2182"]
[TimeControl "2700+45"]

1. e4 e6 2. d4 d5 3. exd5 exd5 4. Bd3 Bd6 5. Ne2 Nf6 6. Bg5 c6 7. c3 Nbd7 8. Nd2
b5 9. Qc2 h6 10. Bh4 Nb6 11. b3 O-O 12. Bg3 Re8 13. O-O Bg4 14. Rae1 Bxe2 15.
Rxe2 Rxe2 16. Bxe2 Bxg3 17. fxg3 Qd6 18. Qf5 Re8 19. Bd3 Qe6 20. Qxe6 Rxe6 21.
Nf3 Nbd7 22. Bf5 Re3 23. Rc1 g6 24. Bxd7 Nxd7 25. Kf2 Re6 26. c4 dxc4 27. bxc4
a6 28. d5 cxd5 29. cxd5 Rd6 30. Rc6 Rxd5 31. Rxa6 Nc5 32. Ra8+ Kg7 33. Rb8 Ne4+
34. Ke3 Nd6 35. g4 Kf6 36. h3 Ke6 {Game drawn by mutual agreement} 1/2-1/2 
aics%

[Event "Team 45 45 League T29"]
[Site "Internet Chess Club"]
[Date "2006.01.30"]
[Round "6"]
[White "Bort"]
[Black "nightflier"]
[Result "0-1"]
[WhiteElo "1970"]
[BlackElo "1998"]
[TimeControl "2700+45"]

1. f4 d5 2. Nf3 Nf6 3. e3 g6 4. b3 Bg7 5. Bb2 O-O 6. Be2 c5 7. O-O Nc6 8. Ne5
Bd7 9. d3 Rc8 10. Bf3 Qc7 11. Qe2 Rfd8 12. Nd2 b5 13. a4 a6 14. g4 Nb4 15. Rfc1
bxa4 16. bxa4 Be6 17. Nb3 Qa7 18. c4 dxc4 19. dxc4 Ne8 20. Rd1 Nd6 21. Bd5 Bxd5
22. cxd5 c4 23. Na5 Qc5 24. Nac6 Nxc6 25. Nxc6 Bxb2 26. Qxb2 Qxe3+ 27. Kg2 Rd7
28. Re1 Qxf4 29. Nxe7+ Rxe7 30. Rxe7 Qxg4+ 31. Kf1 c3 32. Qg2 Qf4+ 33. Qf2 Qc4+
34. Re2 Qxd5 35. Rc1 Ne4 36. Qe3 f5 37. Rec2 Qc4+ 38. Ke1 Qxa4 39. Qd3 Qb5 40.
Qe3 Re8 41. Qf4 g5 42. Qc7 Nd2+ 43. Kf2 {White resigns} 0-1  aics%

[Event "Team 45 45 League T29"]
[Site "Internet Chess Club"]
[Date "2006.01.28"]
[Round "6"]
[White "room-matt"]
[Black "forketta"]
[Result "1/2-1/2"]
[WhiteElo "1876"]
[BlackElo "1910"]
[TimeControl "2700+45"]

1. e4 c5 2. Nf3 d6 3. d4 cxd4 4. Nxd4 Nf6 5. Nc3 a6 6. Bc4 e6 7. Bb3 b5 8. O-O
Be7 9. Qf3 Qc7 10. Qg3 Nc6 11. Nxc6 Qxc6 12. Bg5 Bb7 13. Rfe1 O-O 14. Rad1 Rfd8
15. h4 b4 16. Na4 Qc7 17. Rd4 a5 18. Bh6 Ne8 19. Bg5 Nf6 20. f4 d5 21. Bxf6 Bxf6
22. e5 Be7 23. Kh2 Bc6 24. Red1 f6 25. Qg4 f5 26. Qg3 Rab8 27. c4 dxc4 28. Rxc4
Rxd1 29. Bxd1 Qd7 30. Nc5 Bxc5 31. Rxc5 Bd5 32. Rxa5 Bxa2 33. Rxa2 Qxd1 34. Ra7
Qg4 35. Qxg4 fxg4 36. Kg3 h5 37. Re7 Rb6 38. Rc7 Kf8 39. Kf2 Rb5 40. Ke3 g3 41.
Ke4 g6 42. b3 Rb8 43. Kf3 Rd8 44. Ke2 Rb8 {Game drawn by mutual agreement}
1/2-1/2  aics%

[Event "Team 45 45 League T29"]
[Site "Internet Chess Club"]
[Date "2006.01.30"]
[Round "6"]
[White "JudokaUsa"]
[Black "six-killer"]
[Result "1/2-1/2"]
[WhiteElo "1890"]
[BlackElo "1750"]
[TimeControl "2700+45"]

1. e4 c5 2. Nf3 d6 3. Bb5+ Bd7 4. Bxd7+ Qxd7 5. c4 Nc6 6. Nc3 Nf6 7. d4 cxd4 8.
Nxd4 e6 9. O-O Be7 10. f3 O-O 11. Bg5 a6 12. b3 Nxd4 13. Qxd4 Qc6 14. Be3 Qc5
15. Qxc5 dxc5 16. Rfd1 Rfd8 17. Kf2 Rac8 18. Ke2 Kf8 19. Na4 Nd7 20. Rxd7 Rxd7
21. Nb6 Rcd8 22. Nxd7+ Rxd7 23. Rd1 Rxd1 24. Kxd1 Ke8 25. Kc2 Kd7 26. Kd3 {Game
drawn by mutual agreement} 1/2-1/2  aics%  TitereSinCabeza(71): pero tiene
cuentas gratis y le dan premios... tu k sabras aics%

[Event "Team 45 45 League T29"]
[Site "Internet Chess Club"]
[Date "2006.01.28"]
[Round "6"]
[White "DTK"]
[Black "buzzard"]
[Result "0-1"]
[WhiteElo "2115"]
[BlackElo "1747"]
[TimeControl "2700+45"]

1. e4 c5 2. Nf3 Nc6 3. Bb5 Nd4 4. Nxd4 cxd4 5. c3 dxc3 6. Nxc3 a6 7. Bc4 e6 8.
d4 b5 9. Bd3 Bb7 10. O-O Nf6 11. Qe2 Be7 12. e5 Nd5 13. Qg4 Bf8 14. Ne4 f5 15.
Nd6+ Bxd6 16. Qxg7 Bf8 17. Qxh8 Qh4 18. Qg8 Ne7 19. Qg3 Qxd4 20. Be2 Ng6 21. Bh5
O-O-O 22. Bxg6 hxg6 23. Bg5 Re8 24. Rac1+ Bc6 25. Be3 Qxb2 26. Qxg6 Re7 27. Qf6
Re8 28. Qf7 Rd8 29. Bb6 Qxe5 30. Bxd8 Bd6 31. Qh7 Kxd8 32. Rfd1 Kc7 33. Qh4 a5
34. Qg3 f4 35. Qd3 Bc5 36. Rxc5 Qxc5 37. Kh1 Qxf2 38. Qd6+ Kb7 39. Qd2 Bxg2#
{White checkmated} 0-1  aics%

[Event "Team 45 45 League T29"]
[Site "Internet Chess Club"]
[Date "2006.01.28"]
[Round "6"]
[White "Chessnut"]
[Black "tourettes"]
[Result "1/2-1/2"]
[WhiteElo "1818"]
[BlackElo "1808"]
[TimeControl "2700+45"]

1. e4 c5 2. Nf3 d6 3. d4 cxd4 4. Nxd4 Nf6 5. Nc3 a6 6. Be3 Ng4 7. Bg5 Qa5 8. Qd2
Nc6 9. Nb3 Qb6 10. f3 Nge5 11. Be3 Qd8 12. Nd5 Nd7 13. O-O-O b5 14. Qf2 Rb8 15.
Nd4 Nxd4 16. Bxd4 e6 17. Nc3 Qc7 18. g4 Ne5 19. Bxe5 dxe5 20. h4 Bc5 21. Qg2 Bb7
22. Kb1 O-O 23. h5 Rfd8 24. Bd3 Rbc8 25. g5 g6 26. hxg6 fxg6 27. Qg4 Re8 28. Rh2
Re7 29. Rdh1 Qc6 30. Qg3 Qd6 31. Nd1 b4 32. Nf2 Bxf2 33. Rxf2 a5 34. Qg2 a4 35.
Rd2 Qb6 36. Rhd1 a3 37. Qf2 Qc7 38. Bb5 Bc6 39. Bxc6 Qxc6 40. Rd8+ Rxd8 41.
Rxd8+ Kg7 42. Qd2 axb2 43. Kxb2 Rc7 44. Rd3 Kf7 45. Rb3 Ra7 46. Qxb4 Rd7 47. Kc1
Qa6 48. Qb5 Qa7 49. a4 Qd4 50. Kb1 Ra7 51. a5 Qg1+ 52. Kb2 Qxg5 53. Qb6 Qe7 54.
a6 Kf6 55. c4 h5 56. c5 h4 57. Kc3 h3 58. Rb2 Rc7 59. Kc4 Qd7 60. Kb4 Qd4+ 61.
Ka5 Rxc5+ 62. Rb5 Qc3+ 63. Ka4 Rc4+ 64. Rb4 Rxb4+ 65. Qxb4 Qxb4+ 66. Kxb4 h2 67.
a7 h1=Q 68. a8=Q Qb1+ 69. Kc3 Qe1+ 70. Kd3 Qf1+ 71. Ke3 Qc1+ 72. Kf2 Qd2+ 73.
Kg3 Qf4+ 74. Kf2 Qh2+ 75. Ke3 Qg1+ 76. Ke2 Qg3 77. Qd8+ Kg7 78. Qe7+ Kh6 79.
Qxe6 Qh2+ {Game drawn by mutual agreement} 1/2-1/2  aics%

[Event "Team 45 45 League T29"]
[Site "Internet Chess Club"]
[Date "2006.01.29"]
[Round "6"]
[White "kingfischer57"]
[Black "MrShaw"]
[Result "1/2-1/2"]
[WhiteElo "1800"]
[BlackElo "1759"]
[TimeControl "2700+45"]

1. d4 Nf6 2. c4 g6 3. Nc3 Bg7 4. e4 d6 5. Nf3 O-O 6. Be2 e5 7. O-O exd4 8. Nxd4
Re8 9. f3 Nc6 10. Nxc6 bxc6 11. Rb1 c5 12. Bg5 h6 13. Be3 Bd7 14. Qd2 Kh7 15. b4
cxb4 16. Rxb4 Rb8 17. Rfb1 Rxb4 18. Rxb4 a5 19. Rb1 Be6 20. Nd5 Bxd5 21. cxd5
Qe7 22. Bf2 Qe5 23. Bd3 Nd7 24. Qxa5 Qf4 25. Qxc7 Ne5 26. Qc2 Qg5 27. Kh1 Qh5
28. Be2 Qg5 29. Qc1 Rb8 30. Qc2 Rxb1+ 31. Qxb1 Qd2 32. Qd1 Qxa2 33. Bg3 Qb2 34.
h3 Qb6 35. Qc2 Qe3 36. Kh2 Bf6 37. Qd1 h5 38. Bf1 h4 39. Be1 Bg5 40. Qe2 Bf4+
41. Kh1 Qc1 42. Bxh4 g5 43. Bf2 Ng6 44. Qe1 Qb2 45. Be3 Bxe3 46. Qxe3 Qb1 47.
Qf2 Nf4 48. Kh2 Qa1 49. g3 Nh5 50. Kg2 Kg6 51. Bd3 Qe5 52. Bb5 Nxg3 53. Qxg3
Qb2+ 54. Kg1 Qxb5 55. Qxd6+ f6 56. Qg3 Qc5+ 57. Qf2 Qc1+ 58. Kg2 Qf4 59. Qe2 Qe5
60. Qd2 Qd6 61. Qd3 Kh5 62. Qd2 Kg6 63. Qc2 Qe5 64. Qd1 Qd6 65. Qd2 Kh5 66. Qe1
Qf4 67. Qg3 Qd2+ 68. Qf2 Qf4 69. Qb2 Kh4 70. Qf2+ Kh5 71. Kg1 Qc1+ 72. Qf1 Qe3+
73. Kg2 Qd2+ 74. Qf2 Qf4 75. Qe2 Kh4 76. Qe1+ Kh5 77. Qd1 Qd6 78. f4+ Kg6 79.
fxg5 fxg5 80. Qf3 Qe5 81. Qg4 Qb2+ 82. Kg3 Qc3+ 83. Qf3 Qe1+ 84. Kg4 Qg1+ 85.
Qg3 Qd1+ 86. Qf3 Qg1+ 87. Qg3 Qd1+ {Game drawn by mutual agreement} 1/2-1/2 
aics%

[Event "Team 45 45 League T29"]
[Site "Internet Chess Club"]
[Date "2006.01.25"]
[Round "6"]
[White "RingLord"]
[Black "sophia101"]
[Result "1-0"]
[WhiteElo "1653"]
[BlackElo "1668"]
[TimeControl "2700+45"]

1. e4 c5 2. Nf3 d6 3. Bd3 Nc6 4. c3 Nf6 5. Bc2 Bg4 6. h3 Bh5 7. d3 e6 8. Be3 Qc7
9. g4 Bg6 10. Nh4 O-O-O 11. Nd2 Be7 12. Nxg6 fxg6 13. Qe2 d5 14. exd5 Nxd5 15.
O-O-O Rhf8 16. Nb3 Nxe3 17. Qxe3 Qd6 18. Kb1 g5 19. d4 cxd4 20. Nxd4 Nxd4 21.
Rxd4 Qb6 22. Rc4+ Kb8 23. Qxb6 axb6 24. Rf1 Rd2 25. Be4 Rfxf2 26. Rxf2 Rxf2 27.
Bxh7 Rh2 28. Bg8 Rxh3 29. Bxe6 Bc5 30. Bf5 Rh2 31. b4 Be3 32. Rc8+ Ka7 33. c4
Rd2 34. b5 Rd4 35. Rc7 Bf4 36. Rc8 Be5 37. Kc2 Bf4 38. a4 Rd2+ 39. Kb3 Re2 40.
c5 bxc5 41. a5 Re1 42. b6+ Ka6 43. Ra8+ Kb5 44. Bd3+ Kc6 45. Rc8+ Kd7 46. Bf5+
Kd6 47. Rd8+ Kc6 48. Bd7+ Kd6 49. Bc8+ Kc6 50. Bd7+ Kd6 51. Bf5+ Kc6 52. Rc8+
Kb5 53. Ra8 c4+ 54. Kc2 Rc1+ 55. Kb2 Kb4 56. a6 c3+ 57. Ka2 bxa6 58. b7 Re1 59.
b8=Q+ Bxb8 60. Rxb8+ Kc5 61. Kb3 Rb1+ 62. Bxb1 {Black resigns} 1-0  aics%

[Event "Team 45 45 League T29"]
[Site "Internet Chess Club"]
[Date "2006.01.31"]
[Round "6"]
[White "Gandalf"]
[Black "nightly"]
[Result "0-1"]
[WhiteElo "1861"]
[BlackElo "1844"]
[TimeControl "2700+45"]

1. d4 d5 2. Nf3 Nf6 3. Bg5 Ne4 4. Bf4 c5 5. c3 cxd4 6. cxd4 Nc6 7. e3 e6 8. a3
g5 9. Be5 f6 10. Bg3 h5 11. h3 Nxg3 12. fxg3 Bd6 13. Kf2 Qc7 14. Bd3 Bxg3+ 15.
Ke2 Qg7 16. Nc3 Bd7 17. Qc2 Rc8 18. Qd2 Ne7 19. Rac1 O-O 20. Rcf1 a6 21. Kd1 b5
22. Ne2 Bd6 23. e4 dxe4 24. Bxe4 Bc6 25. Nc3 b4 26. axb4 Bxb4 27. Bxc6 Rxc6 28.
Qe2 Bxc3 29. bxc3 Nd5 30. Kd2 Nxc3 31. Qd3 Qh7 32. Qxh7+ Kxh7 33. g4 Kg7 34. Kd3
Nd5 35. Rc1 Rfc8 36. Rxc6 Rxc6 37. Ra1 h4 38. Nd2 Nf4+ 39. Ke4 Nxh3 40. Ra3 Nf2+
41. Kf3 Nd1 42. Ke2 Nc3+ 43. Kd3 Nb5 44. Ra1 Rd6 45. Nf3 e5 46. Kc4 Nxd4 47. Nd2
Nc2 48. Rd1 {White resigns} 0-1  aics%

[Event "Team 45 45 League T29"]
[Site "Internet Chess Club"]
[Date "2006.02.01"]
[Round "6"]
[White "Rlopez"]
[Black "six-killer"]
[Result "1-0"]
[WhiteElo "1892"]
[BlackElo "1740"]
[TimeControl "2700+45"]

1. d4 Nf6 2. c4 e6 3. Nc3 Bb4 4. e3 b6 5. a3 Bxc3+ 6. bxc3 Bb7 7. Qc2 d5 8. Nf3
O-O 9. Be2 c5 10. cxd5 exd5 11. O-O Ba6 12. Re1 Bxe2 13. Rxe2 Ne4 14. Ne5 Nd7
15. Nxd7 Qxd7 16. f3 Nd6 17. Bb2 Rfe8 18. Rae1 Rac8 19. Qb1 Nc4 20. Bc1 f5 21.
Qd3 Na5 22. e4 c4 23. Qc2 fxe4 24. fxe4 Nb3 25. e5 Qg4 26. Be3 Rc6 27. Rf2 Rg6
28. Ref1 a5 29. Rf4 Qh3 30. Qf2 Rxg2+ 31. Qxg2 Qxe3+ 32. Qf2 Qxf2+ 33. R1xf2 Nc1
34. Rf7 Ne2+ 35. Kg2 Nxc3 36. Rb7 Rf8 37. Rc2 Na4 38. Rd7 Rf4 39. Rxd5 c3 40.
Kg3 Re4 41. Rf2 Re3+ 42. Kf4 Rd3 43. e6 Rd2 44. Rd8# {Black checkmated} 1-0 
aics%

[Event "Team 45 45 League T29"]
[Site "Internet Chess Club"]
[Date "2006.01.27"]
[Round "6"]
[White "RD1974"]
[Black "nanning"]
[Result "0-1"]
[WhiteElo "1627"]
[BlackElo "1621"]
[TimeControl "2700+45"]

1. e4 c5 2. Nc3 Nc6 3. d3 Nf6 4. Nf3 d6 5. g3 g6 6. Bg2 Bg7 7. Be3 O-O 8. h3 Rb8
9. Qd2 b5 10. Bh6 b4 11. Nd1 a5 12. g4 Nd4 13. Bxg7 Kxg7 14. c3 Nxf3+ 15. Bxf3
Nd7 16. d4 Ba6 17. h4 bxc3 18. bxc3 cxd4 19. cxd4 Rb4 20. h5 Qb6 21. hxg6 fxg6
22. Qh6+ Kf6 23. Qh4+ Kf7 24. Qxh7+ Ke8 25. Qxg6+ Kd8 26. Qg7 Rxd4 27. Rh7 Qb4+
28. Nc3 Qxc3# {White checkmated} 0-1  aics%

[Event "Team 45 45 League T29"]
[Site "Internet Chess Club"]
[Date "2006.01.26"]
[Round "6"]
[White "fuzzface"]
[Black "Stav"]
[Result "0-1"]
[WhiteElo "1339"]
[BlackElo "1715"]
[TimeControl "2700+45"]

1. d4 Nf6 2. g3 d5 3. Bg2 c6 4. c3 Bf5 5. Nd2 Nbd7 6. Ngf3 h6 7. O-O e6 8. Re1
Ne4 9. Nxe4 Bxe4 10. Nh4 Nf6 11. f3 Bh7 12. Bh1 Bd6 13. f4 Ne4 14. Be3 Qc7 15.
Rf1 f5 16. Bc1 O-O-O 17. e3 g5 18. Bxe4 gxh4 19. Bh1 hxg3 20. hxg3 Rdg8 21. Rf3
Bg6 22. Qe1 Bh5 23. Rf2 Bg4 24. Qf1 h5 25. Bf3 h4 26. Bxg4 Rxg4 27. Rg2 hxg3 28.
Qf3 Qh7 29. Kf1 Qh1+ 30. Ke2 Rh2 31. Rxh2 Qxh2+ 32. Kd3 g2 33. Bd2 g1=Q 34. Rxg1
Qxg1 35. Kc2 Qg2 36. Qd1 Qe4+ 37. Kb3 b5 38. Qf1 a5 39. a4 Qg2 40. Qd3 Qe4 41.
Qf1 bxa4+ 42. Ka2 Kb7 43. Qh3 Qg2 44. Qh7+ Rg7 45. Qh6 Qg6 46. Qh1 Rh7 47. Qd1
Rh2 48. c4 Qg2 49. Bc3 Bb4 50. Qxa4 Bxc3 51. Qb3+ Bb4 52. c5 Qxb2+ 53. Qxb2
Rxb2+ 54. Kxb2 Bd2 {White resigns} 0-1  aics%

[Event "Team 45 45 League T29"]
[Site "Internet Chess Club"]
[Date "2006.01.29"]
[Round "6"]
[White "BaroneRosso"]
[Black "Ozgur-Bjk"]
[Result "0-1"]
[WhiteElo "2019"]
[BlackElo "2140"]
[TimeControl "2700+45"]

1. c4 Nf6 2. g3 e6 3. Bg2 d5 4. Nf3 Be7 5. O-O O-O 6. Qc2 b6 7. cxd5 exd5 8. Nc3
Bb7 9. d4 Nbd7 10. a3 c5 11. Rd1 Rc8 12. Qf5 g6 13. Qh3 Re8 14. Bf4 Nf8 15. Rac1
Ne6 16. Be5 Ne4 17. Nxe4 dxe4 18. dxc5 Rxc5 19. Rxd8 Rxc1+ 20. Bf1 Rxd8 21. Nd4
Nxd4 22. Qh6 Nxe2+ 23. Kg2 Bf8 24. Qg5 Re8 25. Qf6 Rxe5 26. Qxe5 Rc5 27. Qb8 Ba6
28. Qxa7 Nf4+ 29. gxf4 Bxf1+ 30. Kxf1 Rc1+ 31. Ke2 Rc2+ 32. Ke3 Rxb2 33. Kxe4
Rxf2 34. h4 Ra2 35. Qxb6 Rxa3 36. Qf6 Ra4+ 37. Kf3 Bh6 38. Qd8+ Kg7 39. Qe7
Rxf4+ 40. Kg3 Rf6 41. Kg4 Rf4+ 42. Kh3 Rf3+ 43. Kg4 Re3 44. Qd8 f5# {White
checkmated} 0-1  aics%

[Event "Team 45 45 League T29"]
[Site "Internet Chess Club"]
[Date "2006.01.30"]
[Round "6"]
[White "trevor21"]
[Black "DTK"]
[Result "1/2-1/2"]
[WhiteElo "2157"]
[BlackElo "2117"]
[TimeControl "2700+45"]

1. d4 Nf6 2. c4 c5 3. d5 b5 4. cxb5 a6 5. f3 e6 6. e4 c4 7. Bxc4 axb5 8. Bxb5
Qb6 9. Nc3 Bc5 10. Nge2 O-O 11. Bg5 Ra5 12. a4 Na6 13. Nc1 Nc7 14. Nb3 Nxb5 15.
axb5 Rxa1 16. Qxa1 Be3 17. Bh4 g5 18. Bg3 exd5 19. e5 d4 20. Nd1 Qxb5 21. Nxe3
dxe3 22. Qa5 Qxb3 23. exf6 d5 24. O-O Be6 25. Qc3 Qxc3 26. bxc3 Re8 27. Be5 Bf5
28. Bd4 {Game drawn by mutual agreement} 1/2-1/2  aics%

[Event "Team 45 45 League T29"]
[Site "Internet Chess Club"]
[Date "2006.01.29"]
[Round "6"]
[White "Beetlejuice"]
[Black "adingod"]
[Result "1-0"]
[WhiteElo "1822"]
[BlackElo "2017"]
[TimeControl "2700+45"]

1. d4 Nf6 2. Bg5 g6 3. Bxf6 exf6 4. c4 d5 5. cxd5 Qxd5 6. Nc3 Qa5 7. e3 Nc6 8.
g3 Bd7 9. Bg2 Ba3 10. Qb3 Bd6 11. Ne2 O-O 12. O-O a6 13. Ne4 Be7 14. Rfc1 Qb6
15. Qc3 Qb5 16. Qd2 Bb4 17. Qc2 Kg7 18. a3 Bd6 19. N2c3 Qh5 20. Na4 Bf5 21. Qd2
Bxe4 22. Bxe4 Nd8 23. Nc5 Ra7 24. a4 Re8 25. Bg2 c6 26. Qb4 Bc7 27. a5 Qe2 28.
Bf1 Qf3 29. Qb3 h5 30. Rc3 h4 31. e4 Qh5 32. Rd3 hxg3 33. hxg3 Ne6 34. Rc1 Nf4
35. gxf4 Bxf4 36. Rh3 Qg5+ 37. Bg2 Bxc1 38. Qb6 Raa8 39. Qxb7 Bf4 40. Ne6+ Rxe6
41. Qxa8 Bh2+ 42. Kxh2 Qf4+ 43. Kg1 Qc1+ 44. Bf1 Qg5+ 45. Kh1 {Black resigns}
1-0  aics%

[Event "Team 45 45 League T29"]
[Site "Internet Chess Club"]
[Date "2006.01.27"]
[Round "6"]
[White "Div-anand"]
[Black "camembert"]
[Result "0-1"]
[WhiteElo "1939"]
[BlackElo "1896"]
[TimeControl "2700+45"]

1. e4 e5 2. Nf3 Nc6 3. Bb5 a6 4. Ba4 Nf6 5. O-O Nxe4 6. d4 b5 7. Bb3 d5 8. Nxe5
Nxe5 9. dxe5 c6 10. Be3 Bc5 11. Bxc5 Nxc5 12. c3 Bf5 13. Bc2 Bxc2 14. Qxc2 O-O
15. Nd2 f6 16. b4 Ne6 17. Qf5 Qd7 18. Nf3 fxe5 19. Qxe5 Rae8 20. Rae1 Nf4 21.
Qg5 Ne2+ 22. Kh1 Nxc3 23. Ne5 Qd6 24. f4 Nxa2 25. Re3 Nxb4 26. Rff3 d4 27. Rg3
Qe7 28. Qh5 dxe3 29. Rh3 h6 30. Ng6 Qf7 31. Qf3 {White resigns} 0-1  aics%

[Event "Team 45 45 League T29"]
[Site "Internet Chess Club"]
[Date "2006.01.29"]
[Round "6"]
[White "DeLaSalle"]
[Black "Zillmer"]
[Result "0-1"]
[WhiteElo "1981"]
[BlackElo "2101"]
[TimeControl "2700+45"]

1. d4 d5 2. Nf3 e6 3. e3 c5 4. Bd3 Nc6 5. b3 Nf6 6. Bb2 Bd6 7. Ne5 Qc7 8. f4 Nb4
9. Bb5+ Bd7 10. Nxd7 Nxd7 11. a3 Nc6 12. O-O O-O 13. c3 a6 14. Bd3 b5 15. c4
bxc4 16. dxc5 Bxc5 17. Bxh7+ Kxh7 18. Qh5+ Kg8 19. Bxg7 Bxe3+ 20. Kh1 f5 21. Qg6
Ne7 22. Qxe6+ Rf7 23. Bh6 Bd4 24. Rf3 Nf6 25. Rg3+ Ng4 26. h3 Qc6 27. hxg4 Qxe6
28. gxf5+ Kh8 29. fxe6 Rh7 30. Ra2 Rxh6+ 31. Rh3 Rxh3+ 32. gxh3 cxb3 33. Rd2 Nf5
34. Rd3 b2 35. Nd2 Re8 36. Rb3 Rxe6 37. Nf3 Bf6 38. Ne5 Bxe5 39. fxe5 Rxe5 40.
Rxb2 d4 41. Kg2 Kg7 42. Kf3 Rb5 43. Rg2+ Kf6 44. Kf4 Nd6 45. Rd2 Rf5+ 46. Kg4
Ke5 47. Re2+ Ne4 48. h4 d3 49. Re3 Rf4+ 50. Kh3 d2 {White resigns} 0-1  aics%

[Event "Team 45 45 League T29"]
[Site "Internet Chess Club"]
[Date "2006.01.30"]
[Round "6"]
[White "houthakker"]
[Black "Zornorph"]
[Result "1-0"]
[WhiteElo "2170"]
[BlackElo "1946"]
[TimeControl "2700+45"]

1. d4 d5 2. Bg5 Nf6 3. Bxf6 gxf6 4. c4 e5 5. e3 Be6 6. Nc3 c6 7. dxe5 fxe5 8.
Qh5 Bg7 9. cxd5 cxd5 10. Bb5+ Nc6 11. Nf3 Qf6 12. Rd1 Rd8 13. Qg5 a6 14. Ba4 O-O
15. Qxf6 Bxf6 16. Bb3 e4 17. Ng1 Nb4 18. Rd2 Nd3+ 19. Kf1 Nxb2 20. Nxd5 Bxd5 21.
Rxd5 b5 22. g3 Nc4 23. Rxd8 Rxd8 24. Ne2 Nd2+ 25. Kg2 Nxb3 26. axb3 Rd2 27. Nf4
Rb2 28. Rc1 Rxb3 29. Rc6 Be5 30. Rxa6 f6 31. Ra8+ Kf7 32. Ra7+ Kg8 33. Ne6 f5
34. Ra8+ Kf7 35. Ng5+ Kg6 36. Rg8+ Kf6 37. Nxh7+ Kf7 38. Rf8+ Kg6 39. Re8 Bc3
40. Re7 b4 41. h4 Rb1 42. Nf8+ Kf6 43. Rc7 Rd1 44. Nd7+ Ke6 45. Nc5+ Ke5 46. h5
Rd8 47. Na4 Bd2 48. h6 Kf6 49. h7 Kg6 50. Rd7 Ra8 51. Rxd2 Kxh7 52. Nc5 Kg6 53.
Rb2 Ra5 54. Ne6 Rb5 55. Nd4 Rb8 56. Nc2 Rc8 57. Nxb4 Rb8 58. Nd3 {Black resigns}
1-0  aics%

[Event "Team 45 45 League T29"]
[Site "Internet Chess Club"]
[Date "2006.01.29"]
[Round "6"]
[White "Egmont"]
[Black "Pilgrim"]
[Result "1-0"]
[WhiteElo "1728"]
[BlackElo "1493"]
[TimeControl "2700+45"]

1. e4 c5 2. Nf3 d6 3. d4 cxd4 4. Nxd4 Nf6 5. Nc3 a6 6. Be2 e6 7. O-O b5 8. a3
Qc7 9. f4 Be7 10. Kh1 Bb7 11. Bf3 Nbd7 12. f5 e5 13. Nb3 Rc8 14. Be3 Nb6 15.
Bxb6 Qxb6 16. g4 Rxc3 17. bxc3 Nxe4 18. Qe1 Ng5 19. Nd2 Nh3 20. Bxb7 Qxb7+ 21.
Qe4 Qa7 22. Qg2 Nf4 23. Qf2 Qb7+ 24. Qf3 O-O 25. Qxb7 {Black resigns} 1-0  aics%

[Event "Team 45 45 League T29"]
[Site "Internet Chess Club"]
[Date "2006.01.28"]
[Round "6"]
[White "pumba"]
[Black "Invicta-Knight"]
[Result "0-1"]
[WhiteElo "1511"]
[BlackElo "1488"]
[TimeControl "2700+45"]

1. e4 c5 2. Nc3 b6 3. f4 Bb7 4. Bc4 e6 5. Nf3 Be7 6. O-O d5 7. Bb5+ Bc6 8. Bxc6+
Nxc6 9. d3 d4 10. Ne2 h5 11. Ne5 Nxe5 12. fxe5 Bg5 13. Ng3 g6 14. Qf3 Rh7 15.
Nf5 Be7 16. Nh6 Nxh6 17. Bxh6 Bg5 18. Bxg5 Qxg5 19. Qf6 Qe3+ 20. Rf2 h4 21. Rf1
Kd7 22. Qf4 Qxf4 23. Rxf4 Rf8 24. Rf6 Ke7 25. R1f3 Rh5 26. c3 Rxe5 27. cxd4 cxd4
28. Rf2 Rc5 29. R6f3 Rc1+ 30. Rf1 Rxf1+ 31. Rxf1 Kd6 32. Rc1 f5 33. Rf1 Ke5 34.
h3 Rc8 35. exf5 gxf5 36. Re1+ Kd5 37. Re2 Rc1+ 38. Kf2 Rd1 39. Rc2 Rxd3 40. Rc8
Rd2+ 41. Kf3 Rxb2 42. Rd8+ Kc4 43. Rc8+ Kd5 44. Rd8+ Ke5 45. g3 hxg3 46. Kxg3
Ke4 47. h4 f4+ 48. Kg4 f3 49. h5 Rh2 50. Rf8 Rg2+ 51. Kh3 Rg7 52. h6 Rh7 53. Rf6
e5 54. Kg4 d3 55. Rxf3 d2 56. Rf1 Rxh6 57. Rb1 Ke3 58. Kg5 Rc6 59. Rh1 e4 60.
Rh3+ Ke2 61. Rh2+ Kd3 {White resigns} 0-1  aics%

[Event "Team 45 45 League T29"]
[Site "Internet Chess Club"]
[Date "2006.01.31"]
[Round "6"]
[White "twintower"]
[Black "Tomate"]
[Result "1-0"]
[WhiteElo "1674"]
[BlackElo "1481"]
[TimeControl "2700+45"]

1. e4 e5 2. Nf3 f5 3. Nc3 fxe4 4. Nxe5 Qf6 5. Ng4 Qe6 6. Ne3 Nf6 7. Bc4 d5 8.
Ncxd5 Nxd5 9. Nxd5 Qd6 10. Ne3 Nd7 11. O-O Nf6 12. Re1 Bd7 13. d4 O-O-O 14. c3
g6 15. b4 Bh6 16. Nf1 Bf4 17. Bxf4 Qxf4 18. a4 Rhf8 19. Ra2 Qg5 20. Qd2 Qh4 21.
Qe3 Rde8 22. a5 Be6 23. Bxe6+ Rxe6 24. d5 Nxd5 25. Qxa7 Ref6 26. Ng3 e3 27. f3
Nxc3 28. Qa8+ Kd7 29. Qxb7 Nxa2 30. Qd5+ Rd6 31. Qxa2 Qxb4 32. Qa1 Re8 33. Ne4
Rd3 34. Nf6+ Kd8 35. Nxe8 Kxe8 36. a6 Ra3 37. Qe5+ Kd8 38. Rd1+ Rd3 39. Rxd3+
Kc8 40. Qe8# {Black checkmated} 1-0  aics%

[Event "Team 45 45 League T29"]
[Site "Internet Chess Club"]
[Date "2006.01.29"]
[Round "6"]
[White "NFK"]
[Black "CraigCKlein"]
[Result "1-0"]
[WhiteElo "1704"]
[BlackElo "1785"]
[TimeControl "2700+45"]

1. e4 c5 2. Nc3 Nc6 3. f4 g6 4. Nf3 Bg7 5. Bc4 e6 6. a3 Nge7 7. d3 d5 8. Ba2 b5
9. O-O b4 10. axb4 cxb4 11. Ne2 Qb6+ 12. Kh1 dxe4 13. dxe4 Ba6 14. Qe1 O-O 15.
Nh4 Nd4 16. Nxd4 Bxf1 17. Qxf1 Qxd4 18. f5 exf5 19. Bb3 Qxe4 20. Nf3 h6 21. Qf2
Rfd8 22. Bd2 Nc6 23. Re1 Qg4 24. h3 Qh5 25. Qc5 Nd4 26. Nxd4 Bxd4 27. Qc4 Bxb2
28. Qxf7+ Kh8 29. Re7 Qd1+ 30. Be1 {Black resigns} 1-0  aics%